 Dungeon Crawl Stone Soup version 0.20-a0-903-g7e3609c (console) character file.

158 itsmu the Ruffian (level 5, -1/41 HPs)
             Began as a Demonspawn Fighter on Mar 20, 2017.
             Was a Follower of Dithmenos.
             Killed from afar by an orc wizard (7 damage)
             ... with a magic dart
             ... on level 4 of the Dungeon.
             The game lasted 00:07:27 (3946 turns).

itsmu the Ruffian (Demonspawn Fighter)              Turns: 3946, Time: 00:07:28

Health: -1/41      AC:  7    Str: 13 (16) XL:     5   Next: 16%
Magic:  5/5        EV:  6    Int: 10 (11) God:    Dithmenos [*.....]
Gold:   209        SH:  8    Dex: 10 (12) Spells: 4/4 levels left

rFire    . . .     SeeInvis .     - Unarmed
rCold    . . .     Gourm    +   a - +0 scale mail
rNeg     . . .     Faith    .   r - +0 shield
rPois    .         Spirit   .   (no helmet)
rElec    .         Reflect  .   i - +0 cloak
rCorr    .         Harm     .   (no gloves)
MR       .....                  (no boots)
Stlth    ++........             G - amulet of the gourmand
Regen    0.2/turn               (no ring)
MPRegen  0.1/turn               (no ring)

@: about to teleport, wreathed by umbra
A: hooves 1, nightstalker 2
a: Renounce Religion


You were on level 4 of the Dungeon.
You worshipped Dithmenos.
Dithmenos was aware of your devotion.
You were completely stuffed.

You visited 1 branch of the dungeon, and saw 5 of its levels.

You collected 209 gold pieces.

Inventory:

Hand Weapons
 b - a +0 dagger
   (You took it off an orc on level 3 of the Dungeon)
Missiles
 h - 5 javelins (quivered)
Armour
 a - a +0 scale mail (worn)
 i - a +0 cloak (worn)
   (You found it on level 1 of the Dungeon)
 r - a +0 shield (worn)
Jewellery
 c - an uncursed ring of stealth {unknown}
   (You found it on level 4 of the Dungeon)
 G - an amulet of the gourmand (around neck)
   (You found it on level 1 of the Dungeon)
Scrolls
 e - a scroll of magic mapping {unknown}
 j - a scroll of random uselessness {unknown}
 l - 2 scrolls of enchant weapon
 m - 2 scrolls of teleportation
 s - 2 scrolls of fog {unknown}
Comestibles
 d - 3 bread rations
 g - 2 meat rations
 k - 4 fruits
 n - 2 royal jellies


   Skills:
 - Level 3.0 Fighting
 - Level 2.6 Armour
 - Level 2.6 Shields
 + Level 4.9 Unarmed Combat


You had 4 spell levels left.
You didn't know any spells.

Dungeon Overview and Level Annotations

Branches:
Dungeon (5/15)
 Temple: D:4-7

Altars:
Dithmenos
Fedhas
Hepliaklqana
Wu Jian
Yredelemnul
Zin

Annotations:
D:3 Hook's ghost, amateur GrMo
D:4 exclusion: ogre


Innate Abilities, Weirdness & Mutations

You have large cloven feet.
You are significantly more attuned to the shadows.


Message History

The magic dart hits you!
* * * LOW HITPOINT WARNING * * *
You bump into the rock wall.
You feel less confused.
The orc wizard hits you but does no damage.
You hit the orc wizard.
The orc wizard is lightly wounded.
The orc wizard hits you but does no damage.
You hit the orc wizard but do no damage.
Your kick misses the orc wizard.
The orc wizard is lightly wounded.
You block the orc wizard's attack.
You closely miss the orc wizard.
The orc wizard is lightly wounded.
The orc wizard closely misses you.
As you read the scroll of teleportation, it crumbles to dust.
You feel strangely unstable. The orc wizard casts a spell at you.
The magic dart hits you!
You die...

.####..##.#
#..... >........
.####..##.#
####.# ###.......
.......#..# .#
#.####.#
..###..#.## #.##
##.# .#.##..#.#
####<<.## #..#
.......#.#
#))...... #.##
.#^###.#.##
#.##...## #.#
..##
#....######o#
#.## #.# .##
###........M# ...
#.# .#
##.######## ##.
#.# .# ####.####
#.# .# #.......#
#####)## .#
#.#####.#
........ .# ###.#
#.### #####[##
.###...# #...#
#># .......#
#.#.# #.#
####.#.#####.#.##
#.#


You could see an orc wizard.

Vanquished Creatures
  An orc priest (D:4)
  A worker ant (D:4)
  An adder (D:3)
  An adder skeleton (D:4)
  A worm (D:3)
  2 leopard geckos
  6 orcs
  6 bats
  2 giant cockroaches
  4 goblins
  5 hobgoblins
  11 jackals
  6 kobolds
  2 frilled lizards (D:3)
  9 rats
58 creatures vanquished.

Vanquished Creatures (others)
  An orc wizard (D:4)
  A hobgoblin (D:1)
2 creatures vanquished.

Grand Total: 60 creatures vanquished

Notes
Turn   | Place    | Note
-------+----------+-------------------------------------------
     0 | D:1      | itsmu the Demonspawn Fighter began the quest for the Orb.
     0 | D:1      | Reached XP level 1. HP: 18/18 MP: 1/1
    88 | D:1      | Reached skill level 2 in Unarmed Combat
   133 | D:1      | Gained mutation: You are slightly more attuned to the shadows. [demonic ancestry]
   133 | D:1      | Reached XP level 2. HP: 9/24 MP: 2/2
   890 | D:2      | Reached skill level 3 in Unarmed Combat
   990 | D:2      | Found a shadowy altar of Dithmenos.
   990 | D:2      | Found a blossoming altar of Fedhas.
   997 | D:2      | Became a worshipper of Dithmenos the Shadowed
  1231 | D:2      | Gained mutation: You have large cloven feet. [demonic ancestry]
  1231 | D:2      | Reached XP level 3. HP: 23/29 MP: 3/3
  1439 | D:2      | Found a hazy altar of Hepliaklqana.
  1855 | D:3      | Noticed Hook's ghost (amateur GrMo)
  2501 | D:3      | Found a glowing silver altar of Zin.
  2647 | D:3      | Found a basalt altar of Yredelemnul.
  2725 | D:3      | Reached * piety under Dithmenos
  2725 | D:3      | Gained mutation: You are significantly more attuned to the shadows. [demonic ancestry]
  2725 | D:3      | Reached XP level 4. HP: 28/35 MP: 4/4
  2844 | D:3      | Reached skill level 4 in Unarmed Combat
  2874 | D:3      | Found an ornate altar of the Wu Jian Council.
  2884 | D:3      | Noticed a bullfrog
  3295 | D:4      | Noticed an ogre
  3411 | D:5      | Entered Level 5 of the Dungeon
  3914 | D:4      | Reached XP level 5. HP: 18/41 MP: 5/5
  3946 | D:4      | Killed from afar by an orc wizard

Vault maps used:
D:1:      evilmike_arrival_crescent, lemuel_old_faithful
D:2:      gammafunk_temple_overflow_pools, nicolae_overflow_crystal_walls,
          first_bread
D:3:      overflow_temple_1_default, marbit_many_paths,
          overflow_temple_1_default, uniq_grinder
D:4:      kennysheep_generic_room_11
D:5:      lemuel_castle_with_subvaults, kennysheep_doodads,
          kennysheep_pointless_box

Skill      XL: |  1  2  3  4 |
---------------+-------------+-----
Unarmed Combat | 2 3 4 |  4.9
Fighting       | |  3.0
Armour         | |  2.6
Shields        | |  2.6

Action                   |  1- 3 |  4- 6 || total
-------------------------+-------+-------++-------
Melee: Unarmed           |   213 |   121 ||   334
       Kick              |    22 |    30 ||    52
Throw: Javelin           |     2 |       ||     2
  Use: Scroll            |     4 |     1 ||     5
       Potion            |     1 |     7 ||     8
 Stab: Sleeping          |       |     1 ||     1
  Eat: Chunk             |    18 |     4 ||    22
Armor: Scale mail        |    89 |    37 ||   126
Dodge: Dodged            |    44 |    26 ||    70
Block: Shield            |    69 |    30 ||    99
